[Event "ICC tourney 1934 (60 10)"]
[Site "Internet Chess Club"]
[Date "2020.07.25"]
[Round "3"]
[White "Eagle2020"]
[Black "MysteryHunter"]
[Result "0-1"]
[ICCResult "White checkmated"]
[WhiteElo "1499"]
[BlackElo "1550"]
[Opening "Sicilian: Alapin's variation (2.c3)"]
[ECO "B22"]
[NIC "SI.47"]
[Time "17:01:36"]
[TimeControl "3600+10"]

1. e4 c5 2. c3 Nf6 3. e5 Nd5 4. d4 cxd4 5. Nf3 Nc6 6. cxd4 d6 7. Nc3 Nxc3 8.
bxc3 dxe5 9. dxe5 Qa5 10. Qb3 e6 11. Bb5 Bd7 12. Bf4 Be7 13. Nd4 O-O 14.
Nxc6 Bxc6 15. Bxc6 bxc6 16. O-O Rab8 17. Qc4 Qd5 18. Qa6 Qc5 19. Rab1 Rb6
20. Qd3 Qd5 21. Qc2 Qc4 22. Be3 Bc5 23. Qd2 Bxe3 24. fxe3 h6 25. Qd4 Qa6 26.
a4 Rfb8 27. Rxb6 Qxb6 28. Qxb6 Rxb6 29. Rd1 Rb3 30. Rd8+ Kh7 31. Rd7 Rxc3
32. Rxf7 Rxe3 33. Rxa7 Rxe5 34. a5 Rb5 35. Ra8 c5 36. a6 Ra5 37. a7 c4 38.
Kf1 c3 39. Ke2 Ra2+ 40. Kd1 c2+ 41. Kc1 e5 42. g3 e4 43. h4 Kg6 44. g4 e3
45. Re8 Rxa7 46. Rxe3 Ra4 47. Rg3 Rc4 48. g5 h5 49. Rh3 Kf5 50. Rf3+ Rf4 51.
Rc3 Rxh4 52. Rc5+ Kg6 53. Kxc2 Rg4 54. Kd3 Rxg5 55. Rc6+ Kf5 56. Rc5+ Kg4
57. Rc4+ Kg3 58. Ke3 h4 59. Rc1 Kh2 60. Kf3 Rg3+ 61. Kf2 h3 62. Ke2 Kg2 63.
Rc4 h2 64. Rh4 h1=Q 65. Rxh1 Kxh1 66. Kf2 Rg2+ 67. Kf3 g5 68. Ke4 g4 69. Kf4
g3 70. Kf3 Rg1 71. Ke2 g2 72. Kf2 Rf1+ 73. Ke2 g1=Q 74. Kd2 Qd4+ 75. Kc2
Rf2+ 76. Kb3 Rb2+ 77. Ka3 Qb4# {White checkmated} 0-1

[Event "ICC tourney 1934 (60 10)"]
[Site "Internet Chess Club"]
[Date "2020.07.25"]
[Round "3"]
[White "KyleZhuang"]
[Black "EthanPowers"]
[Result "1-0"]
[ICCResult "Black resigns"]
[WhiteElo "1363"]
[BlackElo "1230"]
[Opening "Ruy Lopez: Wormald (Alapin) attack"]
[ECO "C77"]
[NIC "RL.12"]
[Time "17:01:54"]
[TimeControl "3600+10"]

1. e4 e5 2. Nf3 Nc6 3. Bb5 a6 4. Ba4 Nf6 5. Qe2 b5 6. Bb3 Be7 7. c3 d6 8.
O-O O-O 9. Rd1 Bg4 10. h3 Bh5 11. d3 Na5 12. Bc2 c5 13. Nbd2 Rc8 14. Nf1 h6
15. Ng3 Bg6 16. Nh4 Bh7 17. Nhf5 Nc6 18. Be3 Re8 19. d4 cxd4 20. cxd4 Qc7
21. Rac1 Qb7 22. Qd2 Bf8 23. d5 Nb8 24. Bd3 Nbd7 25. Rxc8 Rxc8 26. Rc1 Rc7
27. Rc3 Qc8 28. Rxc7 Qxc7 29. Qe2 Kh8 30. a4 bxa4 31. Bxa6 Nc5 32. Bxc5 Qxc5
33. Qc4 Qxc4 34. Bxc4 Nxe4 35. Nxe4 Bxf5 36. Nc3 Bc2 37. Bb5 Be7 38. Bxa4
Bxa4 39. Nxa4 Kg8 40. b4 Bd8 41. Kf1 Kf8 42. Ke2 Ke7 43. Kd3 Kd7 44. Kc4 Kc7
45. Kb5 Kb7 46. Nb2 f5 47. Nc4 Bc7 48. Na5+ Bxa5 49. bxa5 e4 50. g3 g5 51.
g4 f4 52. Kc4 Ka6 53. Kd4 Kxa5 54. Kxe4 Kb4 55. Kf5 f3 56. Kg6 Kc5 57. Kxh6
Kxd5 58. Kxg5 Ke4 59. h4 d5 60. h5 d4 61. h6 d3 62. h7 d2 63. h8=Q d1=Q 64.
Qe8+ Kd3 65. Qd8+ Ke2 66. Qxd1+ Kxd1 67. Kf4 {Black resigns} 1-0

[Event "ICC tourney 1934 (60 10)"]
[Site "Internet Chess Club"]
[Date "2020.07.25"]
[Round "3"]
[White "tricksterssbu"]
[Black "saisneha"]
[Result "1-0"]
[ICCResult "Black resigns"]
[WhiteElo "1527"]
[BlackElo "1581"]
[Opening "Giuoco Pianissimo: Italian four knights variation"]
[ECO "C50"]
[NIC "IG.02"]
[Time "17:01:20"]
[TimeControl "3600+10"]

1. e4 e5 2. Nf3 Nc6 3. Bc4 Bc5 4. d3 Nf6 5. Nc3 d6 6. h3 Be6 7. Bb3 O-O 8.
O-O h6 9. Na4 Bb6 10. Nxb6 axb6 11. Bxe6 fxe6 12. c3 d5 13. Qe2 Qd6 14. Re1
Rfe8 15. b4 b5 16. a3 Nd7 17. Bb2 Nb6 18. Rad1 Na4 19. Qc2 Rad8 20. d4 exd4
21. cxd4 Nb6 22. exd5 e5 23. dxc6 Qxc6 24. Qxc6 bxc6 25. Nxe5 Na4 26. Ba1
Re6 27. Kf1 Rdd6 28. Nd3 Kf7 29. Nc5 Rxe1+ 30. Kxe1 Nb6 31. Rd3 Nd5 32. Kd2
Rf6 33. Rf3 Rxf3 34. gxf3 Kf6 35. Ne4+ Kf5 36. Ng3+ Kf4 37. Ke2 Kg5 38. Bb2
Nf4+ 39. Kf1 Nd3 40. Bc3 Kg6 41. Ne2 Kh5 42. f4 Kh4 43. Kg2 g6 44. Kf3 Kxh3
45. Ke3 {Black resigns} 1-0

[Event "ICC tourney 1934 (60 10)"]
[Site "Internet Chess Club"]
[Date "2020.07.25"]
[Round "3"]
[White "pawnpush202044"]
[Black "kralj8"]
[Result "1-0"]
[ICCResult "Black checkmated"]
[WhiteElo "1560"]
[BlackElo "1667"]
[Opening "English opening"]
[ECO "A20"]
[NIC "EO.24"]
[Time "17:01:15"]
[TimeControl "3600+10"]

1. c4 e5 2. g3 Nf6 3. Bg2 c6 4. d4 exd4 5. Qxd4 d6 6. Nc3 Be7 7. e4 Nbd7 8.
Nf3 O-O 9. O-O Nb6 10. Rd1 Be6 11. b3 Qc7 12. Bf4 c5 13. Qd3 Rfd8 14. Rac1
a6 15. Re1 Rac8 16. Ng5 Bf8 17. Nxe6 fxe6 18. Bh3 Qe7 19. Qe2 Nfd7 20. Qg4
Re8 21. e5 dxe5 22. Bxe5 Rc6 23. Bg2 Nxe5 24. Rxe5 Nd7 25. Nd5 Qd8 26. Re2
Rd6 27. Rce1 Kf7 28. Nf4 Nf6 29. Qf3 b5 30. cxb5 axb5 31. Bh3 e5 32. Rxe5
Rxe5 33. Rxe5 Kg8 34. Ne6 Rd1+ 35. Kg2 Qd6 36. Rxc5 Re1 37. Rxb5 Ra1 38. a4
Be7 39. Qa8+ Kf7 40. Ng5+ Kg6 41. Qf3 Kh6 42. Nf7+ Kg6 43. Nxd6 Bxd6 44.
Qf5+ Kf7 45. Qe6+ Kg6 46. Bf5+ Kh6 47. Qe3+ g5 48. h4 Bf4 49. gxf4 gxh4 50.
Qe7 h3+ 51. Kf3 Rg1 52. Qxf6+ Rg6 53. Qh4+ Kg7 54. Rb7+ Kh8 55. Qxh7#
{Black checkmated}
1-0

[Event "ICC tourney 1934 (60 10)"]
[Site "Internet Chess Club"]
[Date "2020.07.25"]
[Round "3"]
[White "happyscientist"]
[Black "chesslin"]
[Result "1-0"]
[ICCResult "Black resigns"]
[WhiteElo "1624"]
[BlackElo "1765"]
[Opening "Pirc: classical (two knights) system"]
[ECO "B06"]
[NIC "PU.10"]
[Time "17:16:07"]
[TimeControl "3600+10"]

1. e4 g6 2. d4 Bg7 3. Nc3 d6 4. Nf3 Nf6 5. Bc4 O-O 6. O-O c5 7. Be3 cxd4 8.
Bxd4 Nc6 9. Be3 Be6 10. Bd5 Bxd5 11. exd5 Nb4 12. a3 Na6 13. Qd2 Nc7 14.
Rab1 Qd7 15. Rfe1 Rfe8 16. Rbd1 b5 17. h3 a5 18. Bd4 b4 19. axb4 axb4 20.
Bxf6 Bxf6 21. Ne4 Bg7 22. b3 Reb8 23. Qd3 Qb5 24. Ng3 Qxd3 25. Rxd3 Kf8 26.
Nf1 Rb5 27. Ne3 Rc5 28. Re2 Nb5 29. Nc4 Ra1+ 30. Kh2 Nc3 31. Re1 Rxe1 32.
Nxe1 Be5+ 33. Nxe5 dxe5 34. d6 Ke8 35. dxe7 Kxe7 36. f3 f5 37. Rd2 Rd5 38.
Rxd5 Nxd5 39. Nd3 e4 40. fxe4 fxe4 41. Nc5 Nc3 42. Na6 Kd6 43. Nxb4 Kc5 44.
Na6+ Kd4 45. b4 Kc4 46. Kg3 g5 47. Nc7 Kxb4 48. Kf2 h6 49. Ke3 Kc4 50. Ne8
Kd5 51. Nf6+ Ke5 52. Ng4+ Kd5 53. Nxh6 Nd1+ 54. Kd2 Nb2 55. Nf7 Nc4+ 56. Ke2
Na3 57. Kd1 Kd4 58. Nxg5 Nb1 59. h4 e3 60. h5 Nc3+ 61. Ke1 Ke5 62. h6 Kf6
63. Nf3 Kg6 64. Nh2 Kxh6 65. Ng4+ Kg5 66. Nxe3 Kf4 67. Nd1 Ne4 68. Nf2 Nc5
69. Nd3+ Nxd3+ 70. cxd3 {Black resigns} 1-0

[Event "ICC tourney 1934 (60 10)"]
[Site "Internet Chess Club"]
[Date "2020.07.25"]
[Round "3"]
[White "Aqualime"]
[Black "fascimate"]
[Result "1/2-1/2"]
[ICCResult "Game drawn because neither player has mating material"]
[WhiteElo "1441"]
[BlackElo "1482"]
[Opening "QGD: Cambridge Springs defense, Argentine variation"]
[ECO "D52"]
[NIC "QO.15"]
[Time "17:01:50"]
[TimeControl "3600+10"]

1. d4 d5 2. c4 e6 3. Nc3 Nf6 4. Bg5 Nbd7 5. Nf3 c6 6. e3 Qa5 7. Nd2 Bb4 8.
Qc2 O-O 9. Bh4 e5 10. dxe5 Ne4 11. cxd5 Nxc3 12. bxc3 Bxc3 13. Rc1 Bxd2+ 14.
Qxd2 Qxd2+ 15. Kxd2 Nxe5 16. dxc6 Nxc6 17. Bb5 Bd7 18. Rhd1 f6 19. Ke1 Rfd8
20. Bg3 Rac8 21. h3 a6 22. Be2 Be8 23. Rxd8 Rxd8 24. Bc7 Rd7 25. Bb6 Bf7 26.
a4 Bd5 27. f3 Ne5 28. a5 Bc6 29. Rd1 Rxd1+ 30. Kxd1 Bb5 31. Bxb5 axb5 32.
Kc2 Nc6 33. f4 f5 34. g4 g6 35. Kc3 Kf7 36. g5 Ke6 37. Bc7 Kd5 38. Bb6 Ke4
39. Bc5 Kf3 40. Kd3 Kg3 41. Bb6 Kxh3 42. Kc3 Kg4 43. Kb3 Kh5 44. Kc3 h6 45.
gxh6 Kxh6 46. Bc7 Kg7 47. Bd6 Kf6 48. Bb4 Ke6 49. Bc5 Kd5 50. Bb6 Ke4 51.
Kb3 Kd3 52. Bc5 Nxa5+ 53. Kb4 Nc4 54. Kxb5 Nxe3 55. Kb6 Nd5+ 56. Kxb7 Nxf4
57. Be7 Nd5 58. Bh4 f4 59. Kc6 Ne3 60. Kd6 Ng2 61. Bf2 g5 62. Ke5 g4 63. Kf5
g3 64. Bxg3 f3 65. Kg4 Ke2 66. Kh3 Nf4+ 67. Kg4 Ne6 68. Kf5 Ng7+ 69. Kg4 Ne6
70. Kf5 Nd4+ 71. Ke4 Nc2 72. Kf5 Kf1 73. Ke4 Ke2 74. Kf4 Ne3 75. Kg5 Nf1 76.
Bh4 Ke3 77. Kg4 Nh2+ 78. Kf5 Ke2 79. Kf4 Kf1 80. Kg3 Kg1 81. Kh3 Nf1 82. Kg4
Kg2 83. Kf4 Nd2 84. Kg4 Ne4 85. Kf4 Nd6 86. Kg4 Nf7 87. Kf4 Nd8 88. Kg4 Ne6
89. Kf5 Nd4+ 90. Kf4 Kh3 91. Bf2 Kg2 92. Bxd4 f2 93. Bxf2
{Game drawn because neither player has mating material}
1/2-1/2

[Event "ICC tourney 1934 (60 10)"]
[Site "Internet Chess Club"]
[Date "2020.07.25"]
[Round "3"]
[White "HarleyQueen8"]
[Black "mydogeatschess"]
[Result "0-1"]
[ICCResult "White checkmated"]
[WhiteElo "1518"]
[BlackElo "1522"]
[Opening "King's Indian: Semi-Averbakh system"]
[ECO "E73"]
[NIC "KI.27"]
[Time "17:01:30"]
[TimeControl "3600+10"]

1. d4 Nf6 2. c4 g6 3. Nc3 Bg7 4. e4 d6 5. Be2 O-O 6. Be3 e5 7. d5 Ne8 8. g4
f5 9. gxf5 gxf5 10. exf5 Bxf5 11. Nf3 Kh8 12. Qd2 Nf6 13. O-O-O Na6 14. h4
Ng4 15. h5 Nxe3 16. Qxe3 Bf6 17. Bd3 Bxd3 18. Qxd3 Nc5 19. Qe3 a5 20. Ne4
Nxe4 21. Qxe4 Bg5+ 22. Kb1 Rf4 23. Qe2 Bh6 24. Ne1 Qf6 25. Nd3 Qf5 26. Qc2
Rd4 27. b3 b6 28. Nb2 Rf4 29. Qxf5 Rxf5 30. Rdf1 Raf8 31. Nd1 Rf3 32. Kc2 a4
33. Rh2 axb3+ 34. axb3 Ra8 35. Nc3 Be3 36. Rd1 Bd4 37. Rd3 Rf4 38. Rg2 Bxf2
39. Nb5 e4 40. Rd2 e3 41. Re2 Ra2+ 42. Kd3 Rxe2 43. Kxe2 Rf7 44. Rg5 Bh4 45.
Rg4 Bf2 46. Rg5 Re7 47. Rg2 Bh4 48. Rg4 Bf2 49. Rg2 Rf7 50. Rg5 h6 51. Rg6
Kh7 52. Rg2 Re7 53. Rg4 Rf7 54. Rg3 Bxg3 55. Nd4 Bf2 56. Ne6 Kg8 57. Nd4 Kg7
58. Ne6+ Kf6 59. Nd4 Kg5 60. Ne6+ Kxh5 61. Nd8 Rg7 62. Ne6 Re7 63. Nf4+ Kg4
64. Ng6 Re8 65. b4 h5 66. c5 bxc5 67. bxc5 dxc5 68. d6 cxd6 69. Kf1 c4 70.
Ke2 h4 71. Nxh4 Kxh4 72. Kf1 c3 73. Ke2 c2 74. Kf3 c1=Q 75. Kg2 Rf8 76. Kh2
Qg1# {White checkmated} 0-1

[Event "ICC tourney 1934 (60 10)"]
[Site "Internet Chess Club"]
[Date "2020.07.25"]
[Round "4"]
[White "karuto2006"]
[Black "ozturkms77"]
[Result "1-0"]
[ICCResult "Black resigns"]
[WhiteElo "1344"]
[BlackElo "1348"]
[Opening "Ruy Lopez: old Steinitz defense"]
[ECO "C62"]
[NIC "RL.02"]
[Time "20:00:25"]
[TimeControl "3600+10"]

1. e4 Nc6 2. Nf3 e5 3. Bb5 d6 4. d4 a6 5. Bxc6+ bxc6 6. dxe5 Bg4 7. h3 Bxf3
8. Qxf3 dxe5 9. O-O Nf6 10. Rd1 Bd6 11. Bg5 O-O 12. Nc3 Kh8 13. Ne2 h6 14.
Bxf6 Qxf6 15. Qxf6 gxf6 16. Ng3 Rab8 17. b3 Kh7 18. Nf5 Rbd8 19. Rd3 Bc5 20.
Rad1 Rxd3 21. Rxd3 Kg6 22. Rc3 Bb6 23. Rxc6 Kg5 24. Kf1 h5 25. h4+ Kf4 26.
f3 Rg8 27. Rxf6 Rxg2 28. Kxg2 {Black resigns} 1-0

[Event "ICC tourney 1934 (60 10)"]
[Site "Internet Chess Club"]
[Date "2020.07.25"]
[Round "4"]
[White "prnavneet"]
[Black "StevChess01"]
[Result "1-0"]
[ICCResult "Black resigns"]
[WhiteElo "1422"]
[BlackElo "1307"]
[Opening "Réti opening"]
[ECO "A05"]
[NIC "QP.11"]
[Time "20:00:32"]
[TimeControl "3600+10"]

1. Nf3 Nf6 2. b3 d6 3. Bb2 e5 4. d3 g6 5. g3 Bg7 6. Bg2 c6 7. O-O O-O 8. c4
Na6 9. Nbd2 Re8 10. a3 Nc5 11. b4 Na4 12. Qxa4 Bg4 13. Rac1 e4 14. dxe4 Nxe4
15. Bxg7 Nxd2 16. Nxd2 Kxg7 17. e3 Bd7 18. Qb3 Qf6 19. Qc3 Qxc3 20. Rxc3 a5
21. bxa5 Rxa5 22. Ne4 d5 23. cxd5 cxd5 24. Nd2 Bc6 25. Ra1 Ra4 26. Nf3 Rea8
27. Nd4 R4a6 28. Nxc6 bxc6 29. h4 Rb6 30. a4 Ra5 31. Bf3 Kf6 32. Rac1 Ke5
33. Rxc6 Rxc6 34. Rxc6 Rxa4 35. Rc5 {Black resigns} 1-0

[Event "ICC tourney 1934 (60 10)"]
[Site "Internet Chess Club"]
[Date "2020.07.25"]
[Round "4"]
[White "clair"]
[Black "Almanac2050"]
[Result "0-1"]
[ICCResult "White resigns"]
[WhiteElo "1511"]
[BlackElo "1613"]
[Opening "Queen's pawn, Mason variation"]
[ECO "D00"]
[NIC "QP.08"]
[Time "20:00:58"]
[TimeControl "3600+10"]

1. d4 d5 2. Bf4 Nf6 3. e3 e6 4. Nf3 c5 5. c3 Nc6 6. Nbd2 Be7 7. h3 a6 8. a4
Qb6 9. Qc2 Bd7 10. Be2 cxd4 11. exd4 Rc8 12. Bd3 Nb4 13. Qb1 Nxd3+ 14. Qxd3
Qxb2 15. Rb1 Qxc3 16. Qxc3 Rxc3 17. Rxb7 Rc1+ 18. Ke2 Rxh1 19. Rb8+ Bd8 20.
Bc7 O-O 21. Bxd8 Ra1 22. a5 Bb5+ 23. Ke3 Ra3+ 24. Kf4 Nd7 25. Rxb5 axb5 26.
Be7 Rxa5 27. Bxf8 Kxf8 28. Ne5 Nxe5 29. Kxe5 Ke7 30. Kf4 Ra4 31. Ke3 Kd6 32.
f3 b4 33. Kd3 Ra2 34. h4 Rxd2+ 35. Kxd2 e5 36. dxe5+ Kxe5 37. Kc2 Kf4 38.
Kb3 Kg3 39. Kxb4 Kxg2 40. Kc5 Kxf3 41. Kxd5 Kg4 42. Ke5 f5 43. h5 f4 44. Ke4
f3 45. Ke3 Kg3 46. h6 g6 47. Kd2 f2 48. Ke2 Kg2 49. Ke3 f1=Q 50. Kd4 Qf3 51.
Ke5 Qf5+ 52. Kd6 Qe4 53. Kd7 Kf3 54. Kd8 g5 55. Kd7 g4 {White resigns} 0-1

[Event "ICC tourney 1934 (60 10)"]
[Site "Internet Chess Club"]
[Date "2020.07.25"]
[Round "4"]
[White "HAPPYKING99"]
[Black "dabpacman"]
[Result "1-0"]
[ICCResult "Black resigns"]
[WhiteElo "1243"]
[BlackElo "1200"]
[Opening "Sicilian: Katalimov variation"]
[ECO "B27"]
[NIC "SI.43"]
[Time "20:00:21"]
[TimeControl "3600+10"]

1. e4 c5 2. Nf3 b6 3. d4 cxd4 4. Nxd4 Bb7 5. Nc3 a6 6. Bd3 e6 7. O-O Qc7 8.
Kh1 Bb4 9. Bd2 Nf6 10. Qe2 Nc6 11. Nb3 h5 12. f4 h4 13. a3 h3 14. axb4 hxg2+
15. Kxg2 Nxb4 16. Rh1 Nh5 17. Qf2 f5 18. Kf1 fxe4 19. Nxe4 d5 20. Ng5 Kd7
21. Bxb4 {Black resigns} 1-0

[Event "ICC tourney 1934 (60 10)"]
[Site "Internet Chess Club"]
[Date "2020.07.25"]
[Round "4"]
[White "mydogeatschess"]
[Black "IndianTerritory"]
[Result "0-1"]
[ICCResult "White resigns"]
[WhiteElo "1508"]
[BlackElo "1699"]
[Opening "Caro-Kann: Panov-Botvinnik attack, 5...e6"]
[ECO "B14"]
[NIC "CK.03"]
[Time "20:00:37"]
[TimeControl "3600+10"]

1. e4 c6 2. d4 d5 3. exd5 cxd5 4. c4 Nf6 5. Nc3 e6 6. Nf3 Bb4 7. a3 Bxc3+ 8.
bxc3 O-O 9. c5 Nc6 10. Bd3 Qa5 11. Qc2 b6 12. cxb6 axb6 13. Ne5 Nxd4 14. Qb2
Ba6 15. O-O Bxd3 16. Nxd3 Qxc3 17. Be3 Qxb2 18. Nxb2 Nc2 19. Ra2 Nxe3 20.
fxe3 Ne4 21. Nd3 b5 22. Nf2 Nc3 23. Raa1 Ra4 24. Nd1 Nxd1 25. Rfxd1 Rfa8 26.
Kf2 Rxa3 27. Rab1 Rb8 28. Rdc1 g6 29. Rb4 Ra4 30. Rcb1 Rxb4 31. Rxb4 f6
{White resigns}
0-1

[Event "ICC tourney 1934 (60 10)"]
[Site "Internet Chess Club"]
[Date "2020.07.25"]
[Round "4"]
[White "Priccchess"]
[Black "Aqualime"]
[Result "1-0"]
[ICCResult "Black checkmated"]
[WhiteElo "1616"]
[BlackElo "1426"]
[Opening "Four knights: Italian variation"]
[ECO "C55"]
[NIC "IG.01"]
[Time "20:00:58"]
[TimeControl "3600+10"]

1. e4 e5 2. Nf3 Nc6 3. Bc4 Nf6 4. Nc3 Nxe4 5. Nxe4 d5 6. Bxd5 Qxd5 7. Nc3
Qd8 8. h3 Bc5 9. d3 O-O 10. O-O Re8 11. Be3 Bb6 12. Re1 Bf5 13. Ne4 Qe7 14.
Ng3 Bg6 15. Nd2 Rad8 16. Bxb6 axb6 17. Nb3 Qf6 18. Qg4 Na5 19. Re3 Nxb3 20.
axb3 Rc8 21. Rae1 Ra8 22. f4 Ra2 23. Rxe5 Rxe5 24. Qc8+ Re8 25. Qxe8#
{Black checkmated}
1-0

[Event "ICC tourney 1934 (60 10)"]
[Site "Internet Chess Club"]
[Date "2020.07.25"]
[Round "4"]
[White "sushivishwa"]
[Black "sillytiger"]
[Result "1-0"]
[ICCResult "Black checkmated"]
[WhiteElo "1419"]
[BlackElo "1258"]
[Opening "Sicilian: closed"]
[ECO "B23"]
[NIC "SI.44"]
[Time "20:01:07"]
[TimeControl "3600+10"]

1. e4 c5 2. Nc3 d6 3. f4 Nf6 4. Nf3 Nc6 5. Bc4 e6 6. O-O d5 7. exd5 exd5 8.
Bb5 Bd7 9. Kh1 Be7 10. d4 c4 11. Ne2 O-O 12. c3 a6 13. Ba4 b5 14. Bc2 Bg4
15. Ne5 Bxe2 16. Qxe2 Nxe5 17. fxe5 Nd7 18. Rf3 Kh8 19. Rh3 h6 20. Bxh6 gxh6
21. Rxh6+ Kg7 22. Rh7+ Kg8 23. Rh8+ Kg7 24. Rh7+ Kg8 25. Qh5 Bf6 26. Rh8+
Kg7 27. Qh7# {Black checkmated} 1-0

[Event "ICC tourney 1934 (60 10)"]
[Site "Internet Chess Club"]
[Date "2020.07.25"]
[Round "4"]
[White "chessmaster0981"]
[Black "krishghosh"]
[Result "1-0"]
[ICCResult "Black checkmated"]
[WhiteElo "1384"]
[BlackElo "1387"]
[Opening "Queen's pawn: Charlick (Englund) gambit"]
[ECO "A40"]
[NIC "QO.17"]
[Time "20:00:45"]
[TimeControl "3600+10"]

1. d4 e5 2. dxe5 Nc6 3. Nc3 Nxe5 4. e3 Nf6 5. Nf3 Nxf3+ 6. Qxf3 Bc5 7. Bc4
O-O 8. O-O c6 9. b3 d5 10. Bd3 Bg4 11. Qg3 Bd6 12. Qh4 Qd7 13. Bb2 Be7 14.
Nxd5 cxd5 15. Bxf6 Bf5 16. Bxf5 Qxf5 17. Bxe7 Rfe8 18. Rac1 h6 19. Ba3 Rac8
20. c3 Rc7 21. Qg3 Rec8 22. Bb2 Qd3 23. c4 g6 24. Qe5 f5 25. Qh8+ Kf7 26.
Qg7+ Ke8 27. Qxg6+ Kf8 28. Ba3+ Rc5 29. Bxc5+ Rxc5 30. Qd6+ Kf7 31. Qxc5
dxc4 32. Qxc4+ Qxc4 33. Rxc4 Kg6 34. Rc7 f4 35. Rc5 fxe3 36. fxe3 b6 37. Rc7
Kh5 38. Rg7 a5 39. g3 a4 40. Rf5# {Black checkmated} 1-0

[Event "ICC tourney 1934 (60 10)"]
[Site "Internet Chess Club"]
[Date "2020.07.25"]
[Round "4"]
[White "saisneha"]
[Black "Roger436"]
[Result "1-0"]
[ICCResult "Black resigns"]
[WhiteElo "1586"]
[BlackElo "1341"]
[Opening "King's Indian: Petrosian system, main line"]
[ECO "E93"]
[NIC "KI.12"]
[Time "20:00:33"]
[TimeControl "3600+10"]

1. d4 Nf6 2. c4 g6 3. Nc3 Bg7 4. e4 d6 5. Nf3 O-O 6. Be2 e5 7. d5 Nbd7 8.
O-O a5 9. Be3 Nh5 10. Qd2 Nc5 11. Rad1 f5 12. Bxc5 dxc5 13. Rfe1 f4 14. Na4
b6 15. d6 Qd7 16. Qd5+ Kh8 17. Qxa8 Qxa4 18. dxc7 Bd7 19. Qd5 Nf6 20. Qxe5
Ne8 21. Qe7 Nf6 22. Ne5 Re8 23. Nxd7 Qc6 24. Qd6 Qxd6 25. Rxd6 Nxe4 26. Rxb6
Bd4 27. Rb8 Bxf2+ 28. Kf1 Bd4 29. Rxe8+ Kg7 30. Rxe4 {Black resigns} 1-0

[Event "ICC tourney 1934 (60 10)"]
[Site "Internet Chess Club"]
[Date "2020.07.25"]
[Round "4"]
[White "NonnaThat"]
[Black "JunlinTheWorld"]
[Result "1-0"]
[ICCResult "Black resigns"]
[WhiteElo "1719"]
[BlackElo "1666"]
[Opening "Sicilian: accelerated fianchetto, Maróczy bind, 6.Be3"]
[ECO "B38"]
[NIC "SI.33"]
[Time "20:00:57"]
[TimeControl "3600+10"]

1. e4 c5 2. Nf3 Nc6 3. d4 cxd4 4. Nxd4 g6 5. c4 Bg7 6. Be3 Nf6 7. Nc3 O-O 8.
Be2 d6 9. O-O Bd7 10. Nc2 Qa5 11. Rb1 Rac8 12. Qd2 Ng4 13. Bxg4 Bxg4 14. f3
Be6 15. Rfd1 Bxc4 16. Nd4 Nxd4 17. Bxd4 Bxd4+ 18. Qxd4 Be6 19. Kh1 Rc4 20.
Qe3 Kg7 21. a3 Qc5 22. Qf4 Rc8 23. Qh4 f6 24. h3 Rd4 25. Rdc1 Rd2 26. Qg3 a5
27. Kh2 Qe5 28. f4 Qc5 29. f5 Bd7 30. Nd5 Qxc1 31. Rxc1 Rxc1 32. fxg6 hxg6
33. Nxe7 g5 34. Qb3 Rcc2 35. Qg8+ {Black resigns} 1-0

[Event "ICC tourney 1934 (60 10)"]
[Site "Internet Chess Club"]
[Date "2020.07.25"]
[Round "4"]
[White "rkanury1"]
[Black "msk2018"]
[Result "1-0"]
[ICCResult "Black checkmated"]
[WhiteElo "1240"]
[BlackElo "1415"]
[Opening "Sicilian: Alapin's variation (2.c3)"]
[ECO "B22"]
[NIC "SI.46"]
[Time "20:00:46"]
[TimeControl "3600+10"]

1. e4 c5 2. c3 e6 3. d4 b6 4. Nf3 Bb7 5. Bd3 Nf6 6. Qe2 Be7 7. O-O O-O 8.
Bf4 Nc6 9. Nbd2 Rc8 10. Rac1 cxd4 11. cxd4 Nb4 12. Bb1 Ba6 13. Nc4 d5 14. e5
Bxc4 15. Rxc4 dxc4 16. exf6 Bxf6 17. Qe4 Nc6 18. Qxh7# {Black checkmated}
1-0

[Event "ICC tourney 1934 (60 10)"]
[Site "Internet Chess Club"]
[Date "2020.07.25"]
[Round "4"]
[White "combusken1123"]
[Black "SavageKey-456"]
[Result "1-0"]
[ICCResult "Black resigns"]
[WhiteElo "1479"]
[BlackElo "1327"]
[Opening "Scandinavian gambit"]
[ECO "B01"]
[NIC "SD.03"]
[Time "20:01:13"]
[TimeControl "3600+10"]

1. e4 d5 2. exd5 Nf6 3. c4 c6 4. dxc6 Nxc6 5. Nc3 e5 6. d3 Bc5 7. h3 Bf5 8.
Nf3 Qd7 9. Be3 Bxe3 10. fxe3 O-O-O 11. e4 Bg6 12. Be2 h5 13. Qd2 h4 14.
O-O-O Kb8 15. Nd5 Nh5 16. Nxh4 Ng3 17. Nxg6 Nxh1 18. Nxh8 Ng3 19. Bg4 Qe8
20. Qe3 Nd4 21. Qxg3 f6 22. Qf2 Qxh8 23. Qd2 Qe8 24. Qa5 g6 25. Nxf6 Qf8 26.
Nd7+ {Black resigns} 1-0

[Event "ICC tourney 1934 (60 10)"]
[Site "Internet Chess Club"]
[Date "2020.07.25"]
[Round "4"]
[White "chesslin"]
[Black "ScoutViolet"]
[Result "1-0"]
[ICCResult "Black resigns"]
[WhiteElo "1766"]
[BlackElo "1313"]
[Opening "Queen's pawn, Mason variation"]
[ECO "D00"]
[NIC "QP.08"]
[Time "20:01:13"]
[TimeControl "3600+10"]

1. d4 d5 2. Bf4 Bf5 3. c4 e6 4. Nc3 Nf6 5. e3 c5 6. Bxb8 Qxb8 7. cxd5 cxd4
8. Qxd4 exd5 9. Bb5+ Nd7 10. Nxd5 f6 11. Ne2 Bd6 12. Ng3 Bxg3 13. hxg3 Qd8
14. g4 Bg6 15. Rd1 Kf7 16. Bc4 Kf8 17. Nf4 Qa5+ 18. Ke2 {Black resigns} 1-0

[Event "ICC tourney 1934 (60 10)"]
[Site "Internet Chess Club"]
[Date "2020.07.25"]
[Round "4"]
[White "imranchamp"]
[Black "importantheart"]
[Result "1/2-1/2"]
[ICCResult "Game drawn by mutual agreement"]
[WhiteElo "1483"]
[BlackElo "1433"]
[Opening "Giuoco Pianissimo"]
[ECO "C50"]
[NIC "IG.02"]
[Time "20:00:25"]
[TimeControl "3600+10"]

1. e4 e5 2. Nf3 Nc6 3. Bc4 Bc5 4. d3 Nf6 5. O-O h6 6. c3 O-O 7. Nbd2 d6 8.
h3 a6 9. Bb3 Ba7 10. Re1 Nh5 11. Nf1 Qf6 12. Be3 Bxe3 13. Nxe3 Nf4 14. Nd5
Nxd5 15. exd5 Ne7 16. c4 Ng6 17. d4 exd4 18. Qxd4 Qxd4 19. Nxd4 Bd7 20. Bc2
Ne5 21. b3 g5 22. Nf5 Bxf5 23. Bxf5 Rae8 24. Re3 Kg7 25. Rae1 Kf6 26. Bc2
Kg7 27. Kf1 f5 28. c5 {Game drawn by mutual agreement} 1/2-1/2

[Event "ICC tourney 1934 (60 10)"]
[Site "Internet Chess Club"]
[Date "2020.07.25"]
[Round "4"]
[White "Knightboy123"]
[Black "rpughiii"]
[Result "1/2-1/2"]
[ICCResult "Game drawn by repetition"]
[WhiteElo "1407"]
[BlackElo "1311"]
[Opening "Philidor: Improved Hanham variation"]
[ECO "B07"]
[NIC "PU.08"]
[Time "20:00:56"]
[TimeControl "3600+10"]

1. e4 d6 2. d4 Nf6 3. Nc3 Nbd7 4. Nf3 e5 5. Bc4 h6 6. dxe5 dxe5 7. O-O Bb4
8. Re1 O-O 9. a3 Ba5 10. b4 Bb6 11. Nd5 Ng4 12. Nxb6 axb6 13. Bb2 Qe7 14. h3
Ngf6 15. Nh4 Rd8 16. Ng6 Qe8 17. Qf3 Kh7 18. Nh4 Nf8 19. Nf5 Ng6 20. Rad1
Be6 21. Bxe6 Qxe6 22. Rxd8 Rxd8 23. Ng3 Rd2 24. Qc3 Qd7 25. Kf1 Qd4 26. Qxd4
exd4 27. Re2 Rd1+ 28. Re1 Rd2 29. Re2 Rd1+ 30. Re1 Rd2 31. Re2 Rd1+ 32. Re1
{Game drawn by repetition}
1/2-1/2

[Event "ICC tourney 1934 (60 10)"]
[Site "Internet Chess Club"]
[Date "2020.07.25"]
[Round "4"]
[White "hankmd"]
[Black "skywise"]
[Result "0-1"]
[ICCResult "White checkmated"]
[WhiteElo "1594"]
[BlackElo "1580"]
[Opening "Grünfeld: exchange variation"]
[ECO "D85"]
[NIC "GI.04"]
[Time "20:01:13"]
[TimeControl "3600+10"]

1. d4 Nf6 2. c4 g6 3. Nc3 d5 4. cxd5 Nxd5 5. e4 Nxc3 6. bxc3 Bg7 7. Be3 c5
8. Qd2 Qa5 9. Rc1 O-O 10. Bc4 Rd8 11. Ne2 Nc6 12. d5 Ne5 13. Bb3 c4 14. Bc2
e6 15. d6 Qa3 16. O-O Rxd6 17. Nd4 a6 18. h3 Nc6 19. f4 Nxd4 20. Bxd4 Bxd4+
21. cxd4 Rd8 22. Bd1 b5 23. e5 Bb7 24. g4 Qg3+ 25. Qg2 Qxg2# {White
checkmated} 0-1